 Dungeon Crawl Stone Soup version 0.24-a0-269-g32ec7cac8f (webtiles) character file.

Game seed: 10995984812791044037

9904 RKaid the Nimble (level 11, -1/64 HPs)
             Began as a Tengu Air Elementalist on Apr 21, 2019.
             Was an Initiate of Vehumet.
             Killed by their own static electricity (3 damage)
             ... on level 11 of the Dungeon on Apr 22, 2019.
             The game lasted 01:01:09 (19195 turns).

RKaid the Nimble (Tengu Air Elementalist)          Turns: 19195, Time: 01:01:10

Health: -1/64      AC:  4    Str:  8    XL:     11   Next: 53%
Magic:  14/25      EV: 26    Int: 19    God:    Vehumet [......]
Gold:   577        SH:  0    Dex: 20    Spells: 15/28 levels left

rFire    + . .     SeeInvis .   a - +1 blowgun
rCold    + . .     Gourm    .   (no shield)
rNeg     . . .     Faith    .   L - +2 robe {rC+ rF+} {rC+, rF+}
rPois    .         Spirit   .   (helmet restricted)
rElec    .         Reflect  .   (no cloak)
rCorr    +         Harm     .   (no gloves)
MR       .....                  (boots unavailable)
Stlth    ++........             J - amulet of rage {+Rage}
HPRegen  0.20/turn              n - +5 ring of dexterity
MPRegen  0.19/turn              G - ring of resist corrosion

@: flying quickly and evasively, studying Dodging, quick
A: beak, talons 3, able to fly
a: Stop Flying, Renounce Religion, Evoke Berserk Rage


You were on level 11 of the Dungeon.
You worshipped Vehumet.
Vehumet was noncommittal.
You were not hungry.

You visited 2 branches of the dungeon, and saw 12 of its levels.

You collected 637 gold pieces.
You spent 60 gold pieces at shops.

Inventory:

Hand Weapons
 a - a +1 blowgun (weapon)
   (You took it off a kobold on level 3 of the Dungeon)
 b - a +0 hunting sling
   (You found it on level 1 of the Dungeon)
 e - the +1 short sword "Cuyv" {pierce, rPois Int-5 Dex+2 SInv}
   (You found it on level 4 of the Dungeon)

   It inflicts extra damage upon your enemies.
   It affects your intelligence (-5).
   It affects your dexterity (+2).
   It protects you from poison.
   It lets you see invisible.
 N - a +3 scimitar of flaming
   (You took it off Erica on level 10 of the Dungeon)
Missiles
 q - 142 sling bullets
 s - 262 stones
 u - 49 poisoned needles (quivered)
 z - 13 curare-tipped needles
 K - 3 throwing nets {=f}
Armour
 L - a +2 robe of resistance (worn) {rC+, rF+}
   (You took it off Erica on level 10 of the Dungeon)
Magical Staves
 w - an uncursed staff of poison {rPois}
   (You found it on level 8 of the Dungeon)
Jewellery
 n - a +5 ring of dexterity (left hand)
   (You found it on level 2 of the Dungeon)
 G - a ring of resist corrosion (right hand)
   (You found it on level 7 of the Dungeon)
 J - an amulet of rage (around neck) {+Rage}
   (You found it on level 9 of the Dungeon)
 M - an uncursed ring of ice {rC+, rF-}
   (You found it on level 8 of the Dungeon)
Wands
 m - a wand of flame (29)
   (You took it off a goblin on level 2 of the Dungeon)
 r - a wand of iceblast (6)
   (You found it on level 4 of the Dungeon)
 v - a wand of polymorph (8)
   (You found it on level 7 of the Dungeon)
 x - a wand of paralysis (4)
   (You took it off Ijyb on level 3 of the Dungeon)
 A - a wand of acid (26)
   (You found it on level 3 of the Dungeon)
 C - a wand of random effects (27)
   (You found it on level 7 of the Dungeon)
 D - a wand of digging (5)
   (You found it on level 10 of the Dungeon)
 H - a wand of disintegration (11)
   (You found it on level 7 of the Dungeon)
 P - a wand of enslavement (4)
   (You found it on level 7 of the Dungeon)
 S - a wand of scattershot (3)
   (You took it off a goblin on level 3 of the Dungeon)
Scrolls
 d - 5 scrolls of amnesia
 o - 4 scrolls of remove curse
 p - 2 scrolls of magic mapping {!r}
 t - 2 scrolls of teleportation
 B - a scroll of enchant weapon
Potions
 c - 3 potions of curing
 g - a potion of invisibility
 h - 3 potions of heal wounds
 j - 4 potions of agility
 k - 4 potions of lignification {!q}
 l - 4 potions of brilliance
 y - 2 potions of might
 I - a potion of ambrosia
 Q - 2 potions of haste {unknown}
Books
 E - a manual of Dodging
   (You found it on level 7 of the Dungeon)
Comestibles
 f - 16 rations
 i - 4 chunks of flesh


   Skills:
 - Level 6.0 Fighting
 + Level 11.4 Dodging
 - Level 2.0 Stealth
 + Level 9.1 Spellcasting
 - Level 11.0 Conjurations
 - Level 11.0 Air Magic


You had 15 spell levels left.
You knew the following spells:

 Your Spells              Type           Power        Failure   Level  Hunger
a - Shock                 Conj/Air       ####         1%          1    None
b - Static Discharge      Conj/Air       ######..     1%          3    None
c - Airstrike             Air            ######....   1%          4    ###....
d - Lightning Bolt        Conj/Air       ######....   2%          5    #####..

Your spell library contained the following spells:

 Spells                   Type           Power        Failure   Level  Hunger
 Swiftness                Chrm/Air       ####....     1%          2    None
 Confusing Touch          Hex            #.....       9%          1    None


Dungeon Overview and Level Annotations

Branches:
Dungeon (11/15)            Temple (1/1) D:7            Lair (0/6) D:11
    Orc (0/2) D:9

Altars:
Ashenzari
Cheibriados
Dithmenos
Elyvilon
Fedhas
Gozag
Hepliaklqana
Kikubaaqudgha
Makhleb
Nemelex Xobeh
Okawaru
Qazlal
Ru
Sif Muna
Trog
Uskayaw
Vehumet
Wu Jian
Xom
Yredelemnul
Zin
The Shining One

Shops:
D:4 %   D:7 }   D:10 *

Annotations:
D:2 exclusion: downstairs
D:4 exclusion: downstairs
D:6 exclusions: eye of draining and ogre
D:7 exclusion: upstairs
D:9 exclusion: Joseph, Joseph


Innate Abilities, Weirdness & Mutations

You have a beak for a mouth.
You have claws for feet.
You can fly continuously.


Message History

Marking area around the seven-headed hydra as unsafe for travelling.
A seven-headed hydra comes into view.
You see here 13 arrows.
There is a stone staircase leading up here.
You fly upwards.
There is a stone staircase leading down here.
You see here a quarterstaff.
There is a stone staircase leading down here.
You fly downwards.
You hear a distant snort.
Hark!
There is a gateway to a gauntlet on this level.
Find the entrance quickly before the gate is sealed!
You hear the loud beating of a distant drum.
There is a stone staircase leading up here.
t - 2 scrolls of teleportation (gained 1)
Found a staircase to the Lair.
Okay, then.
A wyvern zombie comes into view.
Casting: Shock (safe; 1% risk of failure)
Confirm with . or Enter, or press ? or * to list all spells.
Aiming: Shock (safe; 1% risk of failure)
Press: ? - help, Shift-Dir - straight line, f - wyvern zombie
Aim: a wyvern zombie (resting)
The zap hits the wyvern zombie.
Casting: Shock (safe; 1% risk of failure)
Confirm with . or Enter, or press ? or * to list all spells.
Aiming: Shock (safe; 1% risk of failure)
Press: ? - help, Shift-Dir - straight line, f/p - wyvern zombie
Aim: a wyvern zombie (lightly damaged)
The zap hits the wyvern zombie but does no damage.
Casting: Shock (safe; 1% risk of failure)
Confirm with . or Enter, or press ? or * to list all spells.
Aiming: Shock (safe; 1% risk of failure)
Press: ? - help, Shift-Dir - straight line, f/p - wyvern zombie
Aim: a wyvern zombie (lightly damaged)
The zap hits the wyvern zombie but does no damage.
Casting: Shock (safe; 1% risk of failure)
Confirm with . or Enter, or press ? or * to list all spells.
Aiming: Shock (safe; 1% risk of failure)
Press: ? - help, Shift-Dir - straight line, f/p - wyvern zombie
Aim: a wyvern zombie (lightly damaged)
The zap hits the wyvern zombie!
Casting: Shock (safe; 1% risk of failure)
Confirm with . or Enter, or press ? or * to list all spells.
Aiming: Shock (safe; 1% risk of failure)
Press: ? - help, Shift-Dir - straight line, f/p - wyvern zombie
Aim: a wyvern zombie (moderately damaged)
The zap hits the wyvern zombie.
Something hits you.
Deactivating autopickup; reactivate with Ctrl-A.
Something hits you.
The wyvern zombie completely misses you.
Casting: Shock (safe; 1% risk of failure)
Confirm with . or Enter, or press ? or * to list all spells.
Aiming: Shock (safe; 1% risk of failure)
Press: ? - help, Shift-Dir - straight line, f/p - wyvern zombie
Aim: a wyvern zombie (heavily damaged)
The zap hits the wyvern zombie but does no damage.
Something closely misses you.
The wyvern zombie completely misses you.
Casting: Shock (safe; 1% risk of failure)
Confirm with . or Enter, or press ? or * to list all spells.
Aiming: Shock (safe; 1% risk of failure)
Press: ? - help, Shift-Dir - straight line, f/p - wyvern zombie
Aim: a wyvern zombie (heavily damaged)
The zap hits the wyvern zombie.
Something hits you.
The wyvern zombie completely misses you.
Casting: Shock (safe; 1% risk of failure)
Confirm with . or Enter, or press ? or * to list all spells.
Aiming: Shock (safe; 1% risk of failure)
Press: ? - help, Shift-Dir - straight line, f/p - wyvern zombie
Aim: a wyvern zombie (heavily damaged)
The zap hits the wyvern zombie.
Something hits you! The wyvern zombie misses you.
A tyrant leech comes into view.
The wyvern zombie bites you!
Casting: Shock (safe; 1% risk of failure)
Confirm with . or Enter, or press ? or * to list all spells.
Aiming: Shock (safe; 1% risk of failure)
Press: ? - help, Shift-Dir - straight line, f/p - wyvern zombie
Aim: a wyvern zombie (severely damaged)
The zap hits the wyvern zombie.
Something hits you. x2
The wyvern zombie completely misses you.
Casting: Shock (safe; 1% risk of failure)
Confirm with . or Enter, or press ? or * to list all spells.
Aiming: Shock (safe; 1% risk of failure)
Press: ? - help, Shift-Dir - straight line, f/p - wyvern zombie
Aim: a wyvern zombie (severely damaged)
The zap hits the wyvern zombie.
Something misses you. The wyvern zombie misses you.
Something closely misses you. Something hits you.
* * * LOW HITPOINT WARNING * * *
The wyvern zombie bites you!
* * * LOW HITPOINT WARNING * * *
Casting: Shock (safe; 1% risk of failure)
Confirm with . or Enter, or press ? or * to list all spells.
The wyvern zombie is struck by an arc of lightning!
You destroy the wyvern zombie!
Vehumet accepts your kill.
You are struck by an arc of lightning.
You die...

..PPPP...#......#
......... #..P##.....(..#
..........#...#.........#
........#...≈...#...<...#
.).......#######........#
..[.....# ####.........#
$.......####............#
........##...###........#
...?......@### #........#
.........### #........#
.......#.# ####.#####
.....w...# #.# ..###.####
#.# # .w #.. ..# #.. #..
#..


You could see a tyrant leech.

Vanquished Creatures
  Harold (D:9)
  4 two-headed ogres
  Erica (D:10)
  A troll (D:9)
  Prince Ribbit (D:8)
  A hippogriff (D:8)
  2 yaks (D:8)
  A spriggan (D:7)
  2 orc warriors
  4 ice beasts
  6 phantoms
  5 sky beasts
  3 ogres
  3 centaurs
  2 big kobolds
  8 bullfrogs
  A wyvern zombie (D:11)
  A wyvern skeleton (D:9)
  3 scorpions
  4 killer bees
  3 wights (D:7)
  2 howler monkeys
  3 crimson imps
  3 bullfrog zombies
  A quasit (D:7)
  3 hounds
  A jelly (D:6)
  4 orc priests
  3 centaur skeletons
  2 bullfrog skeletons (D:4)
  Ijyb (D:3)
  4 iguanas
  9 orc wizards
  5 worker ants
  A hound zombie (D:8)
  A hound skeleton (D:7)
  3 worker ant zombies (D:8)
  Robin (D:2)
  8 gnolls
  10 adders
  2 shadow imps (D:8)
  2 oozes (D:3)
  An adder zombie (D:8)
  An adder skeleton (D:5)
  A worm (D:3)
  3 dart slugs
  10 leopard geckos
  35 orcs
  2 bats (D:1)
  8 giant cockroaches
  8 goblins
  8 hobgoblins
  16 jackals
  16 kobolds
  4 quokkas
  2 ball pythons
  5 frilled lizards
  A leopard gecko skeleton (D:8)
  3 quokka skeletons
  8 rats
258 creatures vanquished.

Vanquished Creatures (others)
  An adder (D:8)
1 creature vanquished.

Grand Total: 259 creatures vanquished

Notes
Turn   | Place    | Note
-------+----------+-------------------------------------------
     0 | D:1      | RKaid the Tengu Air Elementalist began the quest for the
                  | Orb.
     0 | D:1      | Reached XP level 1. HP: 10/10 MP: 4/4
   173 | D:1      | Reached XP level 2. HP: 16/16 MP: 0/6
   852 | D:1      | Reached skill level 2 in Conjurations
  1076 | D:1      | Reached skill level 1 in Fighting
  1163 | D:1      | Reached XP level 3. HP: 20/20 MP: 7/7
  1704 | D:2      | Learned a level 3 spell: Static Discharge
  2234 | D:2      | Noticed Robin
  2254 | D:2      | Killed Robin
  2254 | D:2      | Reached XP level 4. HP: 20/25 MP: 0/8
  2950 | D:3      | Reached skill level 3 in Conjurations
  2952 | D:3      | Noticed Ijyb
  3122 | D:3      | Found a shadowy altar of Dithmenos.
  3621 | D:3      | Reached skill level 2 in Fighting
  3621 | D:3      | Reached skill level 5 in Air Magic
  3621 | D:3      | Gained mutation: You can fly continuously. [Tengu growth]
  3621 | D:3      | Reached XP level 5. HP: 12/30 MP: 4/10
  3952 | D:3      | Reached skill level 3 in Spellcasting
  3959 | D:3      | HP: 7/30 [poisoned by an adder]
  3966 | D:3      | HP: 6/30 [poisoned by an adder]
  3974 | D:3      | HP: 5/30 [poisoned by an adder]
  4350 | D:3      | Killed Ijyb
  4730 | D:3      | Learned a level 4 spell: Airstrike
  4841 | D:4      | Found a shimmering altar of Xom.
  5111 | D:4      | Noticed a phantom
  5176 | D:4      | HP: 7/31 [centaur skeleton (5)]
  5183 | D:4      | HP: 7/46 [centaur skeleton (4)]
  5184 | D:4      | Reached skill level 4 in Conjurations
  5184 | D:4      | Reached XP level 6. HP: 9/36 MP: 2/11
  5545 | D:4      | Got an iridescent short sword
  5763 | D:4      | Found Cygiutwi's Food Shop.
  5781 | D:4      | Noticed a phantom
  5804 | D:4      | Killed a phantom
  5804 | D:4      | Reached skill level 3 in Fighting
  5956 | D:4      | Killed a phantom
  5956 | D:4      | Reached skill level 6 in Air Magic
  5956 | D:4      | Reached XP level 7. HP: 41/41 MP: 4/13
  6448 | D:4      | Found a hide-covered altar of Uskayaw.
  6460 | D:4      | Reached skill level 5 in Conjurations
  6647 | D:4      | Reached skill level 4 in Spellcasting
  6719 | D:5      | Entered Level 5 of the Dungeon
  6941 | D:5      | Identified the +1 short sword "Cuyv" {pierce, rPois Int-5
                  | Dex+2 SInv} (You found it on level 4 of the Dungeon)
  7292 | D:5      | Found an iron altar of Okawaru.
  7331 | D:5      | Reached skill level 4 in Fighting
  7481 | D:5      | Reached skill level 7 in Air Magic
  7481 | D:5      | Reached XP level 8. HP: 48/48 MP: 9/15
  7644 | D:4      | HP: 11/48 [orc priest/nerve-wracking pain (5)]
  7646 | D:4      | HP: 5/48 [orc wizard/+0 dagger (2)]
  7962 | D:5      | Reached skill level 6 in Conjurations
  8199 | D:5      | Found a deep blue altar of Sif Muna.
  8340 | D:5      | Identified Sif Muna's Grimoire of Curses
  8638 | D:5      | Reached skill level 5 in Spellcasting
  9220 | D:6      | Reached skill level 5 in Fighting
  9220 | D:6      | Reached skill level 8 in Air Magic
  9227 | D:6      | Reached skill level 7 in Conjurations
  9348 | D:6      | Reached XP level 9. HP: 50/54 MP: 8/18
  9444 | D:6      | Found a hide-covered altar of Uskayaw.
  9683 | D:6      | Found an opulent altar of Gozag.
 10364 | D:7      | Reached skill level 8 in Conjurations
 10364 | D:7      | Reached skill level 9 in Air Magic
 10483 | D:7      | Reached skill level 6 in Fighting
 10507 | D:7      | Reached skill level 6 in Spellcasting
 10652 | D:7      | Found a staircase to the Ecumenical Temple.
 10720 | Temple   | Entered the Ecumenical Temple
 11119 | D:7      | Reached skill level 3 in Dodging
 11143 | D:7      | Reached skill level 4 in Dodging
 11273 | D:7      | Found Tulem's Gadget Shop.
 11731 | D:8      | Noticed a two-headed ogre
 11844 | D:8      | HP: 13/55 [poisoned by a worker ant]
 11851 | D:8      | HP: 12/55 [poisoned by a worker ant]
 11858 | D:8      | HP: 11/55 [poisoned by a worker ant]
 11866 | D:8      | HP: 10/55 [poisoned by a worker ant]
 12454 | D:8      | Killed a two-headed ogre
 12454 | D:8      | Reached skill level 6 in Dodging
 12454 | D:8      | Reached skill level 9 in Conjurations
 12454 | D:8      | Reached skill level 10 in Air Magic
 12454 | D:8      | Reached XP level 10. HP: 42/60 MP: 19/21
 12590 | D:8      | Noticed a two-headed ogre
 12758 | D:8      | Noticed Prince Ribbit
 13362 | D:8      | Reached skill level 7 in Spellcasting
 14025 | D:8      | Reached skill level 7 in Dodging
 14594 | D:8      | Killed a two-headed ogre
 14594 | D:8      | Reached skill level 10 in Conjurations
 15008 | D:8      | Found a white marble altar of Elyvilon.
 15010 | D:8      | Found a radiant altar of Vehumet.
 15014 | D:8      | Became a worshipper of Vehumet
 15020 | D:8      | Found a snail-covered altar of Cheibriados.
 15176 | D:8      | Found a stormy altar of Qazlal.
 15252 | D:8      | Killed Prince Ribbit
 15252 | D:8      | Reached skill level 8 in Dodging
 15252 | D:8      | Reached skill level 11 in Air Magic
 15259 | D:8      | Learned a level 5 spell: Lightning Bolt
 15317 | D:9      | Noticed a two-headed ogre
 15332 | D:9      | Killed a two-headed ogre
 15417 | D:9      | Noticed Harold
 15428 | D:9      | Killed Harold
 15428 | D:9      | Reached skill level 9 in Dodging
 15428 | D:9      | Reached skill level 8 in Spellcasting
 15428 | D:9      | Reached skill level 11 in Conjurations
 15428 | D:9      | Reached XP level 11. HP: 22/64 MP: 3/24
 15431 | D:9      | HP: 9/64 [wyvern skeleton (14)]
 15915 | D:9      | Noticed a two-headed ogre
 15983 | D:9      | Killed a two-headed ogre
 15983 | D:9      | Reached skill level 10 in Dodging
 16761 | D:8      | Upgraded the game from 0.24-a0-266-g1edb078f7a to
                  | 0.24-a0-269-g32ec7cac8f
 17029 | D:9      | Found a staircase to the Orcish Mines.
 17263 | D:9      | Noticed Joseph
 17469 | D:9      | Found a glowing golden altar of the Shining One.
 17890 | D:10     | Entered Level 10 of the Dungeon
 17955 | D:10     | Noticed Erica
 17984 | D:10     | Killed Erica
 17984 | D:10     | Reached skill level 11 in Dodging
 18165 | D:10     | Found Foparrug's General Store.
 18174 | D:10     | Bought a potion of heal wounds for 60 gold pieces
 18210 | D:10     | Reached skill level 9 in Spellcasting
 19099 | D:11     | Noticed a seven-headed hydra
 19167 | D:11     | Found a staircase to the Lair.
 19194 | D:11     | HP: 2/64 [wyvern zombie (15)]
 19195 | D:11     | Killed from afar by themself

Levels and vault maps discovered:
D:1:      psy_arrival_statuary, layout_rooms
D:2:      layout_loops_corners, uniq_robin
D:3:      layout_loops_ring, overflow_temple_1_default, minmay_misc_feat_doors,
          uniq_ijyb
D:4:      layout_rooms, eat_drink_and_be_merry_uskayaw, xom_butterflies,
          first_ration, serial_shops, nicolae_shop_stone,
          chequers_serial_rivers_marsh
D:5:      layout_cave_pods, okawaru_trees_1, led_sif_book, minmay_hedge_maze
D:6:      layout_layer_cave, old_standard_altar, basic_altar
D:7:      layout_basic, minmay_temple_entry_mist, serial_shops,
          nicolae_shop_crystal, the_bakery, minmay_misc_feat_pillars,
          minmay_manual_mess
D:8:      layout_loops_ring, marbit_many_paths, grunt_temple_overflow_diamond,
          minmay_evil_grid, uniq_prince_ribbit1
D:9:      layout_long_grid, hiddenorc1_lemuel, nrook_pool_corridor, tso_altar,
          uniq_harold, uniq_joseph
D:10:     layout_basic, serial_shops, nicolae_shop_trees, uniq_erica
D:11:     layout_rooms, dpeg_oklobed_lair, serial_shops, shop_statue,
          ebering_ghost_reflecting_pool, gauntlet_entry_generic,
          minmay_guarded_unrand_vampires_tooth
Temple:   chequers_temple_sunken

Skill      XL: |  1  2  3  4  5  6  7  8  9 10 11 |
---------------+----------------------------------+-----
Conjurations   | 2 3 4 5 7 9 11 | 11.0
Fighting       | 1 2 3 4 5 6 |  6.0
Air Magic      | 5 6 7 8 10 11 | 11.0
Spellcasting   | 3 4 5 6 8 9 |  9.1
Dodging        | 6 9 11 | 11.4
Stealth        | |  2.0

Action                   |  1- 3 |  4- 6 |  7- 9 | 10-12 || total
-------------------------+-------+-------+-------+-------++-------
Melee: Short sword       |       |       |     2 |       ||     2
       Kick              |       |       |     1 |       ||     1
       Peck              |       |       |     1 |       ||     1
 Fire: Hunting sling     |    21 |    94 |    13 |     2 ||   130
       Blowgun           |       |    15 |    53 |    46 ||   114
 Cast: Shock             |    72 |   100 |   253 |   324 ||   749
       Static Discharge  |       |     4 |     4 |     7 ||    15
       Airstrike         |       |       |     9 |    12 ||    21
       Lightning Bolt    |       |       |       |     8 ||     8
 Abil: Fly               |       |     1 |       |       ||     1
Evoke: Wand              |       |       |    10 |    13 ||    23
  Use: Scroll            |       |     9 |     8 |     6 ||    23
       Potion            |       |     1 |     1 |       ||     2
 Stab: Paralysed         |       |       |     2 |       ||     2
  Eat: Chunk             |     5 |     8 |    11 |    15 ||    39
       Ration            |       |     1 |     3 |     2 ||     6
Armor: Robe              |     3 |     6 |     8 |     5 ||    22
       Skin              |       |     4 |       |       ||     4
Dodge: Dodged            |    23 |    44 |    98 |   145 ||   310

Table legend:
 A = Non-vault XP
 B = Vault XP
 C = Vault XP percentage of total XP
 D = Non-vault monster count
 E = Vault monster count
 F = Vault count percentage of total count
                 A         B        C        D         E       F
            +---------+---------+-------+---------+---------+-------
      Total |   10363 |    3786 |  26.8 |     209 |      49 |  19.0
            +---------+---------+-------+---------+---------+-------
        D:1 |      34 |       0 |   0.0 |      17 |       0 |   0.0
        D:2 |      45 |      35 |  43.8 |      19 |      11 |  36.7
        D:3 |     103 |      38 |  27.0 |      23 |       1 |   4.2
        D:4 |     874 |       0 |   0.0 |      30 |       0 |   0.0
        D:5 |     766 |      80 |   9.5 |      18 |       2 |  10.0
        D:6 |     692 |       0 |   0.0 |      17 |       0 |   0.0
        D:7 |    1197 |     402 |  25.1 |      26 |       6 |  18.8
        D:8 |    2937 |    1134 |  27.9 |      29 |      10 |  25.6
        D:9 |    2668 |    1216 |  31.3 |      16 |      18 |  52.9
       D:10 |     953 |     881 |  48.0 |      12 |       1 |   7.7
       D:11 |      94 |       0 |   0.0 |       2 |       0 |   0.0
            +---------+---------+-------+---------+---------+-------

Table legend:
 A = Turns spent in this place as a percentage of turns spent in the entire game.
 B = Non-inter-level travel turns spent in this place as a percentage of non-inter-level travel turns spent in the entire game.
 C = Inter-level travel turns spent in this place as a percentage of turns spent in this place.
 D = Turns resting spent in this place as a percentage of non-inter-level travel turns spent in this place.
 E = Turns spent auto-exploring this place as a percentage of non-inter-level travel turns spent in this place.
 F = Non-inter-level travel turns spent in this place divided by the number of levels of this place that you've seen.
                   A       B       C       D       E      F
               +-------+-------+-------+-------+-------+----------------------
         Total | 100.0 | 100.0 |   5.1 |  46.5 |  31.0 | 1518.4
       Dungeon |  98.5 |  98.5 |   5.0 |  47.2 |  30.1 | 1631.6
        Temple |   1.5 |   1.5 |   7.5 |   0.0 |  90.8 | 273.0
               +-------+-------+-------+-------+-------+----------------------

Table legend:
 A = Kills in this place as a percentage of kills in entire the game.
 B = Kills by you in this place as a percentage of kills by you in the entire game.
 C = Kills by friends in this place as a percentage of kills by friends in the entire game.
 D = Other kills in this place as a percentage of other kills in the entire game.
 E = Experience gained in this place as a percentage of experience gained in the entire game.
 F = Experience gained in this place divided by the number of levels of this place that you have seen.
                   A       B       C       D       E      F
               +-------+-------+-------+-------+-------+----------------------
         Total | 100.0 | 100.0 |   N/A |   N/A | 100.0 | 1179.1
       Dungeon | 100.0 | 100.0 |   N/A |   N/A | 100.0 | 1286.3
               +-------+-------+-------+-------+-------+----------------------
